 Dungeon Crawl Stone Soup version 0.29.1 (webtiles) character file.

Game seed: 16593245399295880246

98632 qw the Severer (level 15, -3/163 HPs)
             Began as a Minotaur Berserker on Sept 13, 2022.
             Was an Elder of Trog.
             Slain by an orc warrior
             ... wielding a +0 halberd
              (23 damage)
             ... on level 2 of the Orcish Mines.
             The game lasted 00:08:56 (24576 turns).

qw the Severer (Minotaur Berserker)                Turns: 24576, Time: 00:08:56

Health: -3/163     AC: 27    Str: 29    XL:     15   Next: 75%
Magic:  14/14      EV:  9    Int: 10    God:    Trog [****..]
Gold:   2145       SH: 17    Dex:  5    Spells: 14/14 levels left

rFire   + . .      SeeInvis +   j - +1 broad axe (chaos)
rCold   + . .      Faith    .   e - +0 kite shield
rNeg    + . .      Spirit   .   r - +5 chain mail of the Sun {rElec Will- Regen+ Int+4}
rPois   +          Reflect  +   h - +2 hat
rElec   +          Harm     .   l - scarf {rC+ rF+}
rCorr   .          Rampage  +   i - +2 pair of gloves
Will    .....                   a - +2 pair of boots {rampage}
Stlth   ..........              s - amulet of reflection
HPRegen 1.17/turn               u - ring of the Solstice {rN+ Int+4 Dex-5 Slay+3 SInv}
MPRegen 0.14/turn               f - ring of poison resistance

@: about to teleport, on berserk cooldown, slowed, very slow
A: horns 2, retaliatory headbutt, dopey 1, robust 1
a: Renounce Religion, Berserk, Trog's Hand, Brothers in Arms


You were on level 2 of the Orcish Mines.
You worshipped Trog.
Trog was greatly pleased with you.
You visited 3 branches of the dungeon, and saw 22 of its levels.
You visited the Abyss 1 time.

You collected 2145 gold pieces.


Innate Abilities, Weirdness & Mutations

You have a pair of horns on your head.
You reflexively headbutt those who attack you in melee.
You are dopey. (Int -2)
You are robust. (+10% HP)


   Skills:
 - Level 18.0 Fighting
 - Level 18.0 Axes
 - Level 4.0 Throwing
 - Level 14.0 Armour
 - Level 8.0 Dodging
 + Level 16.1 Shields


You had 14 spell levels left.
You didn't know any spells.
Your spell library was empty.

Inventory:

Hand Weapons
 j - a +1 broad axe of chaos (weapon)
 o - a +0 morningstar
Missiles
 y - 6 boomerangs (quivered)
Armour
 a - a +2 pair of boots of rampaging (worn)
 c - a +1 cloak
 e - a +0 kite shield (worn)
 h - a +2 hat (worn)
 i - a +2 pair of gloves (worn)
 l - a scarf of resistance (worn)
 r - the +5 chain mail of the Sun (worn) {rElec Will- Regen+ Int+4}
   (You found it on level 3 of the Lair of Beasts)

   Int:       It affects your intelligence (+4).
   rElec:     It insulates you from electricity.
   Regen:     It increases your rate of health regeneration.
   Will:      It decreases your willpower.
 v - a scarf of repulsion
Jewellery
 f - a ring of poison resistance (right hand)
 q - a ring of protection from cold
 s - an amulet of reflection (around neck)
 t - a ring of protection from fire
 u - the ring of the Solstice (left hand) {rN+ Int+4 Dex-5 Slay+3 SInv}
   (You found it on level 3 of the Lair of Beasts)

   [ring of positive energy]

   Int:       It affects your intelligence (+4).
   Dex:       It affects your dexterity (-5).
   Slay:      It affects your accuracy & damage with ranged weapons and melee
   (+3).
   rN:        It protects you from negative energy.
   SInv:      It lets you see invisible.
 Y - a +6 ring of dexterity
Scrolls
 m - 5 scrolls of identify
 n - 5 scrolls of teleportation
 w - 3 scrolls of enchant armour
Potions
 b - 8 potions of curing
 d - 3 potions of mutation
 g - 4 potions of haste
 k - 3 potions of cancellation
 x - a potion of might

Dungeon Overview and Level Annotations

Branches:
Dungeon (15/15)            Temple (0/1) D:5            Lair (5/5) D:9
  Swamp (0/4) Lair:2       Spider (0/4) Lair:2        Slime (0/5) Lair:5
    Orc (2/2) D:10            Elf (0/3) Orc:2        Vaults (0/5) D:13
 Depths (0/4) D:15

Altars:
Kikubaaqudgha
Makhleb
Nemelex Xobeh
Okawaru
Qazlal
Trog
Uskayaw
Zin
The Shining One
Jiyva

Shops:
D:5 (   D:8 (   D:12 :*   D:15 :   Orc:2 [

Portals:
Trove: D:12 (give +7 demon whip)

Annotations:
D:5 3 runed translucent doors, qw's ghost, weakling GrDe
D:11 2 transporters
Lair:1 1 runed translucent door, qw's ghost, journeyman TrCA
Orc:2 2 transporters, qw's ghost, journeyman DsCA


Message History

The orc warrior hits you but does no damage.
You block the orc knight's attack.
You slice the orc knight!!
You kill the orc knight!
Trog accepts your kill.
You hit the orc knight but do no damage.
Space warps horribly around the orc knight!
You feel sick.
The orc knight hits you with a +0 war axe!
The orc priest looks satisfied for a moment.
You block the orc warrior's attack.
An orc priest comes into view. It is wielding a +0 club.
Your Armour skill increases to level 14!
24574 ||| READING 6 scrolls of teleportation.
As you read the scroll of teleportation, it crumbles to dust.
You feel strangely unstable.
You feel sick.
The orc warrior no longer looks unusually strong.
The orc knight hits you with a +0 war axe!!
The orc warrior throws a boomerang.
The boomerang barely misses you.
The orc knight hits you with a +0 war axe.
The orc warrior closely misses you.
The orc knight hits you but does no damage.
24575 ||| DRINKING potion of heal wounds.
You feel much better.
You feel sick. You block the orc knight's attack.
The orc priest barely misses you. You block the orc warrior's attack.
The orc knight hits you with a +0 war axe.
You slash the orc knight!
The orc knight is severely wounded.
You slash the orc priest!
The orc priest blinks!
You feel sick.
You are no longer poisoned.
You block the orc knight's attack.
The orc warrior hits you from afar with a +0 halberd.
The orc knight hits you with a +0 war axe.
The orc priest mumbles some strange prayers to Beogh against you.
Pain shoots through your body!
The orc warrior hits you from afar with a +0 halberd!!
You die...

###....# .............##.##
.#...### ..#####.##....###
)#...#.# ...##.##...## ..#.#..#
...##.##..### .....#.#
...##.##..#.## .......# #. #
##..##..##.....# ...))..#
#\.#.##.oo##.###.#...## .......#
#..o.)oo##..# ##.....# .......#
#...)@##..## #.....### #..#...#
#####O)..## #.....##. #......#
###### #........
.......############### #........
....................... #.....#..
......................###....####
...........#...........##...##
...........................##
.......#...#..).....#....%##


You could see an orc knight (berserk, strong, ally target), 2 orc warriors, 2
orc priests and a friendly ogre (summoned, berserk).

Vanquished Creatures
  Jorgrun (D:14)
  Rupert (Lair:4)
  A yaktaur captain (D:13)
  Josephine (Lair:4)
  A fire dragon (Lair:5)
  A great orb of eyes (D:15)
  8 hydras
  A boulder beetle (D:14)
  An ogre mage (D:14)
  2 rakshasas (D:15)
  Erica (D:8)
  4 centaur warriors
  2 catoblepae
  8 two-headed ogres
  4 orc high priests (Orc:2)
  2 tengu warriors
  7 death yaks
  Sonja (Lair:5)
  3 skeletal warriors (D:15)
  A swamp dragon (Lair:5)
  2 wizards (D:14)
  4 orc knights
  2 deep elf pyromancers (D:14)
  7 orc sorcerers
  An oklob plant (Lair:2)
  17 ugly things
  2 wolf spiders (Lair:5)
  3 cyclopes
  7 elephants
  5 manticores
  Maurice (Orc:2)
  A guardian serpent (Lair:5)
  A black mamba (shapeshifter) (D:15)
  7 black mambas
  A gargoyle (D:11)
  11 cane toads
  5 rime drakes
  An unseen horror (D:9)
  A water nymph (Orc:2)
  An efreet (D:13)
  3 komodo dragons (Lair:5)
  Maggie (D:7)
  3 yaktaurs
  2 tengu conjurers (D:15)
  A polar bear (Lair:2)
  7 trolls
  6 meliai (D:13)
  2 hornets (Lair:5)
  Prince Ribbit (D:9)
  A tyrant leech (Lair:2)
  14 blink frogs
  10 slime creatures
  A snapping turtle (shapeshifter) (D:15)
  A centaur simulacrum (D:15)
  13 dream sheep
  5 wraiths
  A vampire (D:12)
  10 wyverns
  3 shadows
  Eustachio (D:5)
  A fire elemental (Lair:4)
  4 steam dragons
  31 yaks
  3 basilisks
  Grum (D:9)
  5 redbacks
  6 vampire mosquitoes
  2 wargs (Orc:2)
  2 swamp worms (Lair:2)
  2 acid dragons
  A swamp drake (Lair:5)
  22 water moccasins
  14 orc warriors
  3 ice beasts
  A sky beast (D:8)
  4 black bears
  5 ogres
  12 wolves
  4 centaurs
  2 kobold brigands (D:7)
  A phantom (D:6)
  14 bullfrogs
  4 scorpions
  2 gnoll sergeants (D:12)
  8 wights
  5 killer bees (D:11)
  14 howler monkeys
  2 lava snakes (Lair:4)
  10 orc priests
  A gnoll bouda (D:8)
  4 hounds
  6 iguanas
  Terence (D:2)
  13 orc wizards
  7 hell rats (Lair:2)
  A scorpion zombie (D:3)
  3 adders
  17 gnolls
  An adder skeleton (D:3)
  2 worms
  3 dart slugs
  49 orcs
  5 endoplasms
  A giant cockroach (D:2)
  4 goblins
  8 hobgoblins
  4 jackals (D:1)
  15 kobolds
  2 quokkas (D:3)
  4 ball pythons
  5 bats
  6 frilled lizards
  8 rats
  A fire vortex (D:15)
573 creatures vanquished.

Vanquished Creatures (collateral kills)
  3 hydras
  An orc sorcerer (Orc:2)
  2 elephants (Lair:5)
  2 black mambas (Lair:5)
  A cane toad (Lair:5)
  2 blink frogs (Lair:2)
  2 wyverns (Lair:5)
  4 water moccasins (Lair:5)
  An orc warrior (Orc:2)
18 creatures vanquished.

Vanquished Creatures (others)
  2 orc priests
  An orc wizard (Orc:2)
  A gnoll (D:7)
  23 fungi
  70 plants
  A withered plant (D:3)
98 creatures vanquished.

Grand Total: 689 creatures vanquished

Notes
Turn   | Place    | Note
-------+----------+-------------------------------------------
     0 | D:1      | qw the Minotaur Berserker began the quest for the Orb.
     0 | D:1      | Reached XP level 1. HP: 19/19 MP: 0/0
     0 | D:1      | 0 ||| qw: Version: 0.1-a-119-g272c26d
     0 | D:1      | 0 ||| qw: Game counter: 11267
     0 | D:1      | 0 ||| qw: Always use a shield: true
     0 | D:1      | 0 ||| qw: Do Orc after D:15 true
     0 | D:1      | 0 ||| qw: Do second Lair branch before Depths: true
     0 | D:1      | 0 ||| qw: Lair rune preference: random
     0 | D:1      | 0 ||| qw: Plans: Normal
     0 | D:1      | 0 ||| PLANNING D:1-11
   266 | D:1      | 266 ||| Stepping ~*~*~tactically~*~*~ (hiding).
   370 | D:1      | Reached XP level 2. HP: 26/26 MP: 1/1
   385 | D:1      | Found a faded altar of an unknown god.
   447 | D:1      | 447 ||| Stepping ~*~*~tactically~*~*~ (hiding).
   948 | D:1      | 948 ||| UPGRADING to +0 leather armour.
   958 | D:1      | 958 ||| DROPPING +0 animal skin.
   959 | D:1      | 959 ||| UPGRADING to +0 ring mail.
   969 | D:1      | 969 ||| DROPPING +0 leather armour.
   970 | D:1      | 970 ||| UPGRADING to +0 storm dragon scales.
   980 | D:1      | 980 ||| DROPPING +0 ring mail.
   981 | D:1      | 981 ||| UPGRADING to ring of resist corrosion.
   982 | D:1      | 982 ||| READING 2 scrolls labelled OGRUS GASY JIRA.
   983 | D:1      | 983 ||| READING scroll labelled PIUN QIAFUAFIY.
   984 | D:1      | 984 ||| READING scroll labelled MUEMITOGANT.
   989 | D:1      | 989 ||| DROPPING scroll of magic mapping.
  1004 | D:2      | 1004 ||| STAIRDANCE
  1060 | D:2      | 1060 ||| STAIRDANCE
  1104 | D:2      | Found an iron altar of Okawaru.
  1299 | D:2      | 1299 ||| INVOKING Berserk.
  1303 | D:2      | Reached XP level 3. HP: 31/31 MP: 2/2
  1315 | D:2      | Reached XP level 4. HP: 37/39 MP: 3/3
  1411 | D:2      | 1411 ||| DROPPING +0 whip.
  1477 | D:2      | 1477 ||| Stepping ~*~*~tactically~*~*~ (stealth).
  1483 | D:2      | Reached skill level 6 in Axes
  1486 | D:2      | 1486 ||| Stepping ~*~*~tactically~*~*~ (stealth).
  1503 | D:2      | 1503 ||| Stepping ~*~*~tactically~*~*~ (stealth).
  1504 | D:2      | 1504 ||| Stepping ~*~*~tactically~*~*~ (stealth).
  1509 | D:2      | Reached ** piety under Trog
  1765 | D:2      | Noticed Terence
  1768 | D:2      | 1768 ||| INVOKING Berserk.
  1769 | D:2      | 1769 ||| INVOKING Berserk.
  1772 | D:2      | Killed Terence
  1812 | D:2      | 1812 ||| DROPPING +0 flail.
  1841 | D:2      | 1841 ||| UPGRADING to +2 hat.
  1846 | D:2      | 1846 ||| UPGRADING to +2 pair of gloves.
  1851 | D:2      | 1851 ||| DROPPING ring of magical power.
  1852 | D:2      | 1852 ||| UPGRADING to ring of protection from fire.
  1853 | D:2      | 1853 ||| READING scroll labelled QAENGE AT PUS.
  1854 | D:2      | 1854 ||| READING scroll labelled QATUAK QOICLO.
  1855 | D:2      | 1855 ||| DRINKING 2 dark potions.
  1883 | D:2      | 1883 ||| DRINKING 2 bubbling emerald potions.
  1883 | D:2      | Gained mutation: You are dopey. (Int -2) [potion of
                  | mutation]
  1883 | D:2      | Gained mutation: You are robust. (+10% HP) [potion of
                  | mutation]
  1902 | D:2      | 1902 ||| DROPPING potion of lignification.
  1985 | D:3      | 1985 ||| Stepping ~*~*~tactically~*~*~ (stealth).
  1988 | D:3      | 1988 ||| Stepping ~*~*~tactically~*~*~ (stealth).
  1994 | D:3      | 1994 ||| Stepping ~*~*~tactically~*~*~ (stealth).
  2133 | D:3      | 2133 ||| FLEEEEING.
  2135 | D:3      | 2135 ||| FLEEEEING.
  2136 | D:3      | 2136 ||| FLEEEEING.
  2137 | D:3      | 2137 ||| FLEEEEING.
  2138 | D:3      | 2138 ||| FLEEEEING.
  2244 | D:3      | 2244 ||| SWAPPING to +0 war axe.
  2245 | D:3      | 2245 ||| DROPPING +0 hand axe.
  2288 | D:3      | Reached XP level 5. HP: 49/49 MP: 4/4
  2346 | D:3      | Found a burning altar of Makhleb.
  2360 | D:3      | 2360 ||| SWAPPING to +1 war axe of freezing.
  2361 | D:3      | 2361 ||| DROPPING +0 war axe.
  2577 | D:3      | 2577 ||| Stepping ~*~*~tactically~*~*~ (stealth).
  2606 | D:3      | 2606 ||| DROPPING orb of guile.
  2607 | D:3      | 2607 ||| READING scroll labelled EDYEXU VUASU.
  2607 | D:3      | Identified a scroll of acquirement
  2607 | D:3      | 2607 ||| ACQUIRING +1 pair of boots of rampaging
  2607 | D:3      | Acquired a +1 pair of boots of rampaging
  2609 | D:3      | 2609 ||| UPGRADING to +1 pair of boots of rampaging.
  2614 | D:3      | 2614 ||| READING scroll labelled WEOJUR WEILEUF.
  2615 | D:3      | 2615 ||| READING scroll labelled OFI DEXOMO.
  2731 | D:4      | Reached skill level 3 in Armour
  2733 | D:4      | 2733 ||| Stepping ~*~*~tactically~*~*~ (hiding).
  2736 | D:4      | 2736 ||| INVOKING Berserk.
  3094 | D:4      | Found a glowing silver altar of Zin.
  3104 | D:4      | Found a sparkling altar of Nemelex Xobeh.
  3189 | D:4      | Reached *** piety under Trog
  3389 | D:4      | Reached XP level 6. HP: 57/57 MP: 5/5
  3436 | D:4      | 3436 ||| UPGRADING to amulet of regeneration.
  3441 | D:4      | 3441 ||| DROPPING amulet of magic regeneration.
  3442 | D:4      | 3442 ||| DROPPING amulet of guardian spirit.
  3473 | D:5      | Entered Level 5 of the Dungeon
  3474 | D:5      | Found a staircase to the Ecumenical Temple.
  3558 | D:5      | Identified the +8 short sword "Cugie" {flame, Will++}
  3612 | D:5      | Found an iron altar of Okawaru.
  3669 | D:5      | 3669 ||| INVOKING Berserk.
  3672 | D:5      | Reached skill level 9 in Axes
  3855 | D:5      | Found a runed translucent gate.
  3856 | D:5      | Found a runed translucent gate.
  3857 | D:5      | Found a runed translucent gate.
  3859 | D:5      | Noticed qw's ghost (weakling GrDe)
  3887 | D:5      | Found Ceeraoh's Weapon Shop.
  4057 | D:5      | Noticed Eustachio
  4059 | D:5      | 4059 ||| INVOKING Berserk.
  4063 | D:5      | Killed Eustachio
  4064 | D:5      | Reached XP level 7. HP: 64/64 MP: 6/6
  4358 | D:5      | 4358 ||| UPGRADING to +0 kite shield.
  4418 | D:6      | Reached skill level 1 in Shields
  4472 | D:6      | 4472 ||| Stepping ~*~*~tactically~*~*~ (stealth).
  4474 | D:6      | 4474 ||| Stepping ~*~*~tactically~*~*~ (stealth).
  4530 | D:6      | Reached skill level 3 in Shields
  4674 | D:6      | Reached XP level 8. HP: 61/72 MP: 7/7
  4844 | D:6      | Reached skill level 6 in Shields
  5034 | D:6      | 5034 ||| Stepping ~*~*~tactically~*~*~ (stealth).
  5040 | D:6      | 5040 ||| Stepping ~*~*~tactically~*~*~ (stealth).
  5283 | D:6      | 5283 ||| UPGRADING to ring of protection from cold.
  5285 | D:6      | 5285 ||| READING scroll labelled JAGIBB ZOIC.
  5286 | D:6      | 5286 ||| READING scroll labelled KYTZOE YHUU.
  5287 | D:6      | 5287 ||| DRINKING 3 yellow potions.
  5288 | D:6      | 5288 ||| READING 3 scrolls of identify.
  5288 | D:6      | 5288 ||| IDENTIFYING bubbling coppery potion
  5303 | D:7      | 5303 ||| Stepping ~*~*~tactically~*~*~ (stealth).
  5304 | D:7      | 5304 ||| Stepping ~*~*~tactically~*~*~ (stealth).
  5308 | D:7      | 5308 ||| Stepping ~*~*~tactically~*~*~ (stealth).
  5310 | D:7      | 5310 ||| Stepping ~*~*~tactically~*~*~ (stealth).
  5311 | D:7      | 5311 ||| Stepping ~*~*~tactically~*~*~ (stealth).
  5346 | D:7      | Noticed Maggie
  5347 | D:7      | 5347 ||| Stepping ~*~*~tactically~*~*~ (hiding).
  5360 | D:7      | Killed Maggie
  5361 | D:7      | 5361 ||| Stepping ~*~*~tactically~*~*~ (hiding).
  5628 | D:7      | You fall into a shaft and drop 3 floors!
  5628 | D:10     | Entered Level 10 of the Dungeon
  5642 | D:10     | 5642 ||| READING scroll labelled VUPTYO FONWO.
  5736 | D:9      | Reached skill level 6 in Fighting
  5736 | D:9      | Reached XP level 9. HP: 82/82 MP: 8/8
  5846 | D:9      | 5846 ||| Stepping ~*~*~tactically~*~*~ (stealth).
  5920 | D:9      | 5920 ||| READING scroll labelled YSOITUL APNED.
  5921 | D:9      | 5921 ||| READING 4 scrolls of identify.
  5921 | D:9      | 5921 ||| IDENTIFYING metallic golden potion
  5930 | D:8      | Noticed Erica
  5933 | D:8      | 5933 ||| INVOKING Berserk.
  5942 | D:8      | Killed Erica
  5943 | D:8      | Reached skill level 12 in Axes
  6091 | D:8      | 6091 ||| Stepping ~*~*~tactically~*~*~ (hiding).
  6233 | D:8      | Found Wuufarae's Weapon Emporium.
  6256 | D:8      | 6256 ||| Stepping ~*~*~tactically~*~*~ (stealth).
  6263 | D:8      | 6263 ||| Stepping ~*~*~tactically~*~*~ (hiding).
  6264 | D:8      | 6264 ||| Stepping ~*~*~tactically~*~*~ (hiding).
  6265 | D:8      | 6265 ||| Stepping ~*~*~tactically~*~*~ (hiding).
  6269 | D:8      | 6269 ||| INVOKING Berserk.
  6511 | D:8      | Reached XP level 10. HP: 94/94 MP: 9/9
  6523 | D:8      | 6523 ||| UPGRADING to amulet of reflection.
  6533 | D:8      | 6533 ||| DROPPING amulet of regeneration.
  6534 | D:8      | 6534 ||| READING scroll labelled ESTROE HECO.
  6535 | D:8      | 6535 ||| READING 4 scrolls of identify.
  6535 | D:8      | 6535 ||| IDENTIFYING grey potion
  6536 | D:8      | 6536 ||| DROPPING potion of flight.
  6760 | D:7      | 6760 ||| INVOKING Berserk.
  6763 | D:7      | Reached skill level 6 in Armour
  7001 | D:8      | Noticed a two-headed ogre
  7002 | D:8      | 7002 ||| INVOKING Berserk.
  7004 | D:8      | Killed a two-headed ogre
  7005 | D:8      | Reached skill level 9 in Shields
  7144 | D:8      | Reached **** piety under Trog
  7674 | D:9      | Noticed Grum
  7675 | D:9      | 7675 ||| Stepping ~*~*~tactically~*~*~ (hiding).
  7685 | D:9      | 7685 ||| INVOKING Berserk.
  7687 | D:9      | Killed Grum
  7781 | D:9      | Noticed a two-headed ogre
  7785 | D:9      | 7785 ||| INVOKING Berserk.
  7787 | D:9      | Killed a two-headed ogre
  7950 | D:9      | Noticed Prince Ribbit
  7956 | D:9      | Killed Prince Ribbit
  8050 | D:9      | 8050 ||| INVOKING Berserk.
  8169 | D:9      | 8169 ||| Stepping ~*~*~tactically~*~*~ (stealth).
  8278 | D:9      | Found a staircase to the Lair.
  8286 | D:9      | 8286 ||| Stepping ~*~*~tactically~*~*~ (stealth).
  8296 | D:9      | Reached skill level 3 in Dodging
  8324 | D:9      | 8324 ||| SWAPPING to +4 war axe of freezing.
  8325 | D:9      | 8325 ||| DROPPING +2 war axe of freezing.
  8505 | D:9      | 8505 ||| PLANNING LAIR
  8505 | D:9      | 8505 ||| UPGRADING to +1 cloak.
  8612 | Lair:1   | Entered Level 1 of the Lair of Beasts
  8652 | Lair:1   | Noticed a seven-headed hydra
  8653 | Lair:1   | 8653 ||| INVOKING Brothers in Arms.
  8655 | Lair:1   | 8655 ||| SWAPPING to +0 morningstar.
  8656 | Lair:1   | 8656 ||| INVOKING Berserk.
  8659 | Lair:1   | Killed a seven-headed hydra
  8791 | Lair:1   | 8791 ||| SWAPPING to +4 war axe of freezing.
  8890 | Lair:1   | Noticed a cane toad
  8894 | Lair:1   | 8894 ||| INVOKING Berserk.
  8896 | Lair:1   | Killed a cane toad
  8897 | Lair:1   | Reached XP level 11. HP: 103/103 MP: 10/10
  9038 | Lair:1   | Noticed a catoblepas
  9040 | Lair:1   | 9040 ||| Stepping ~*~*~tactically~*~*~ (cloud).
  9042 | Lair:1   | 9042 ||| INVOKING Berserk.
  9046 | Lair:1   | Killed a catoblepas
  9225 | Lair:1   | 9225 ||| READING scroll of enchant armour.
  9225 | Lair:1   | 9225 ||| ENCHANTING +1 pair of boots of rampaging.
  9345 | Lair:1   | Found a runed translucent door.
  9369 | Lair:1   | Reached skill level 15 in Axes
  9720 | Lair:1   | Noticed qw's ghost (journeyman TrCA)
  9775 | Lair:1   | 9775 ||| DROPPING +1 pair of boots.
  9776 | Lair:1   | 9776 ||| READING scroll labelled VYCAMO GEUPNO.
  9777 | Lair:1   | 9777 ||| DRINKING 2 silvery potions.
  9777 | Lair:1   | Lost intelligence.
  9781 | Lair:1   | 9781 ||| DROPPING potion of degeneration.
  9837 | Lair:2   | 9837 ||| INVOKING Berserk.
  9938 | Lair:2   | Reached skill level 9 in Fighting
  9987 | Lair:2   | Found a hole to the Spider Nest.
  9992 | Lair:2   | You fall into a shaft and drop 1 floor!
 10022 | Lair:3   | Identified the +5 chain mail of the Sun {rElec Will- Regen+
                  | Int+4}
 10065 | Lair:3   | 10065 ||| UPGRADING to +5 chain mail of the Sun {rElec
                  | Will- Regen+ Int+4}.
 10075 | Lair:3   | 10075 ||| DROPPING +0 storm dragon scales.
 10109 | Lair:2   | 10109 ||| Stepping ~*~*~tactically~*~*~ (stealth).
 10111 | Lair:2   | 10111 ||| Stepping ~*~*~tactically~*~*~ (hiding).
 10269 | Lair:2   | 10269 ||| Stepping ~*~*~tactically~*~*~ (stealth).
 10286 | Lair:2   | 10286 ||| INVOKING Berserk.
 10419 | Lair:2   | 10419 ||| INVOKING Berserk.
 10434 | Lair:2   | 10434 ||| FLEEEEING.
 10435 | Lair:2   | 10435 ||| FLEEEEING.
 10436 | Lair:2   | 10436 ||| FLEEEEING.
 10437 | Lair:2   | 10437 ||| FLEEEEING.
 10438 | Lair:2   | 10438 ||| FLEEEEING.
 10439 | Lair:2   | 10439 ||| FLEEEEING.
 10440 | Lair:2   | 10440 ||| FLEEEEING.
 10441 | Lair:2   | 10441 ||| FLEEEEING.
 10442 | Lair:2   | 10442 ||| FLEEEEING.
 10443 | Lair:2   | 10443 ||| FLEEEEING.
 10444 | Lair:2   | 10444 ||| FLEEEEING.
 10445 | Lair:2   | 10445 ||| FLEEEEING.
 10446 | Lair:2   | 10446 ||| FLEEEEING.
 10447 | Lair:2   | 10447 ||| FLEEEEING.
 10448 | Lair:2   | 10448 ||| FLEEEEING.
 10449 | Lair:2   | 10449 ||| FLEEEEING.
 10450 | Lair:2   | 10450 ||| FLEEEEING.
 10451 | Lair:2   | 10451 ||| FLEEEEING.
 10452 | Lair:2   | 10452 ||| FLEEEEING.
 10453 | Lair:2   | 10453 ||| FLEEEEING.
 10457 | Lair:2   | 10457 ||| FLEEEEING.
 10458 | Lair:2   | 10458 ||| STAIRDANCE
 10783 | Lair:2   | Found a staircase to the Swamp.
 10790 | Lair:2   | 10790 ||| INVOKING Berserk.
 10943 | Lair:2   | Noticed an oklob plant
 10949 | Lair:2   | 10949 ||| INVOKING Berserk.
 10954 | Lair:2   | Killed an oklob plant
 11075 | Lair:2   | Noticed a seven-headed hydra
 11076 | Lair:2   | 11076 ||| INVOKING Brothers in Arms.
 11077 | Lair:2   | 11077 ||| INVOKING Brothers in Arms.
 11078 | Lair:2   | 11078 ||| INVOKING Brothers in Arms.
 11079 | Lair:2   | 11079 ||| INVOKING Brothers in Arms.
 11080 | Lair:2   | 11080 ||| INVOKING Brothers in Arms.
 11081 | Lair:2   | 11081 ||| INVOKING Brothers in Arms.
 11082 | Lair:2   | 11082 ||| INVOKING Brothers in Arms.
 11083 | Lair:2   | 11083 ||| INVOKING Brothers in Arms.
 11084 | Lair:2   | 11084 ||| SWAPPING to +0 morningstar.
 11085 | Lair:2   | 11085 ||| INVOKING Berserk.
 11087 | Lair:2   | Killed a seven-headed hydra
 11099 | Lair:2   | 11099 ||| SWAPPING to +4 war axe of freezing.
 11104 | Lair:2   | Reached XP level 12. HP: 94/116 MP: 11/11
 11237 | Lair:2   | 11237 ||| INVOKING Berserk.
 11374 | Lair:2   | Reached skill level 9 in Armour
 11677 | Lair:2   | 11677 ||| INVOKING Berserk.
 11830 | Lair:2   | 11830 ||| INVOKING Berserk.
 11984 | Lair:2   | 11984 ||| READING scroll labelled REPHUBE IPRUFRA.
 12092 | Lair:3   | Noticed a four-headed hydra
 12093 | Lair:3   | 12093 ||| STAIRDANCE
 12095 | Lair:2   | 12095 ||| SWAPPING to +0 morningstar.
 12096 | Lair:2   | 12096 ||| INVOKING Berserk.
 12100 | Lair:2   | Killed a four-headed hydra
 12104 | Lair:2   | 12104 ||| SWAPPING to +4 war axe of freezing.
 12207 | Lair:3   | 12207 ||| STAIRDANCE
 12215 | Lair:3   | 12215 ||| STAIRDANCE
 12238 | Lair:3   | 12238 ||| DRINKING 4 potions of cancellation.
 12239 | Lair:3   | 12239 ||| DRINKING 3 potions of cancellation.
 12240 | Lair:3   | 12240 ||| DRINKING 2 potions of cancellation.
 12454 | Lair:3   | Reached skill level 12 in Shields
 12613 | Lair:3   | Identified the ring of the Solstice {rN+ Int+4 Dex-5 Slay+3
                  | SInv}
 12985 | Lair:3   | 12985 ||| DROPPING ring of flight.
 12986 | Lair:3   | 12986 ||| UPGRADING to ring of the Solstice {rN+ Int+4
                  | Dex-5 Slay+3 SInv}.
 12988 | Lair:3   | 12988 ||| READING 6 scrolls of identify.
 12988 | Lair:3   | 12988 ||| IDENTIFYING purple potion
 12989 | Lair:3   | 12989 ||| DROPPING potion of brilliance.
 12999 | Lair:4   | Noticed a death yak
 13004 | Lair:4   | 13004 ||| INVOKING Berserk.
 13006 | Lair:4   | Killed a death yak
 13007 | Lair:4   | Noticed a death yak
 13007 | Lair:4   | Noticed a death yak
 13009 | Lair:4   | Noticed a death yak
 13013 | Lair:4   | Killed a death yak
 13016 | Lair:4   | Killed a death yak
 13017 | Lair:4   | Reached skill level 12 in Fighting
 13019 | Lair:4   | Killed a death yak
 13024 | Lair:4   | 13024 ||| FLEEEEING.
 13026 | Lair:4   | 13026 ||| STAIRDANCE
 13135 | Lair:4   | 13135 ||| STAIRDANCE
 13169 | Lair:4   | 13169 ||| INVOKING Berserk.
 13315 | Lair:4   | 13315 ||| Stepping ~*~*~tactically~*~*~ (stealth).
 13354 | Lair:4   | Noticed Rupert
 13355 | Lair:4   | 13355 ||| INVOKING Trog's Hand.
 13357 | Lair:4   | 13357 ||| INVOKING Berserk.
 13370 | Lair:4   | Killed Rupert
 13634 | Lair:4   | 13634 ||| SWAPPING to +0 broad axe.
 13639 | Lair:4   | 13639 ||| DROPPING +4 war axe of freezing.
 13660 | Lair:4   | Identified the +1 robe of Wu Jian's Regard {*Corrode rF+++
                  | Int+5 Archmagi}
 13791 | Lair:4   | 13791 ||| Stepping ~*~*~tactically~*~*~ (stealth).
 13792 | Lair:4   | 13792 ||| Stepping ~*~*~tactically~*~*~ (stealth).
 13795 | Lair:4   | 13795 ||| Stepping ~*~*~tactically~*~*~ (stealth).
 13842 | Lair:4   | 13842 ||| READING 5 scrolls of identify.
 13842 | Lair:4   | 13842 ||| IDENTIFYING clear potion
 13843 | Lair:4   | 13843 ||| DROPPING potion of magic.
 13844 | Lair:4   | 13844 ||| READING 8 scrolls of teleportation.
 13845 | Lair:4   | 13845 ||| FLEEEEING.
 13846 | Lair:4   | 13846 ||| FLEEEEING.
 13925 | Lair:4   | Reached XP level 13. HP: 129/129 MP: 12/12
 13969 | Lair:4   | 13969 ||| READING 7 scrolls of teleportation.
 13999 | Lair:4   | 13999 ||| Stepping ~*~*~tactically~*~*~ (stealth).
 14000 | Lair:4   | 14000 ||| Stepping ~*~*~tactically~*~*~ (stealth).
 14084 | Lair:4   | Noticed Josephine
 14085 | Lair:4   | 14085 ||| Stepping ~*~*~tactically~*~*~ (hiding).
 14094 | Lair:4   | Killed Josephine
 14215 | Lair:5   | Entered Level 5 of the Lair of Beasts
 14229 | Lair:5   | 14229 ||| Stepping ~*~*~tactically~*~*~ (stealth).
 14243 | Lair:5   | 14243 ||| INVOKING Brothers in Arms.
 14248 | Lair:5   | 14248 ||| SWAPPING to +0 morningstar.
 14249 | Lair:5   | 14249 ||| INVOKING Berserk.
 14250 | Lair:5   | Reached skill level 18 in Axes
 14338 | Lair:5   | 14338 ||| SWAPPING to +0 broad axe.
 14416 | Lair:5   | 14416 ||| Stepping ~*~*~tactically~*~*~ (stealth).
 14422 | Lair:5   | 14422 ||| Stepping ~*~*~tactically~*~*~ (stealth).
 14424 | Lair:5   | Noticed Sonja
 14447 | Abyss:2  | Cast into level 2 of the Abyss (Sonja)
 14448 | Abyss:2  | 14448 ||| INVOKING Trog's Hand.
 14475 | Abyss:2  | Found a corrupted altar of Lugonu.
 14477 | Abyss:2  | 14477 ||| Stepping ~*~*~tactically~*~*~ (stealth).
 14481 | Lair:5   | Escaped the Abyss
 14515 | Lair:5   | 14515 ||| INVOKING Berserk.
 14515 | Lair:5   | HP: 49/201 [Sonja/+2 short sword of distortion (23)]
 14526 | Lair:5   | HP: 33/134 [Sonja/+2 short sword of distortion (3)]
 14527 | Lair:5   | 14527 ||| READING 6 scrolls of teleportation.
 14531 | Lair:5   | 14531 ||| READING 5 scrolls of teleportation.
 14531 | Lair:5   | HP: 20/134 [poisoned by Sonja (curare-tipped dart)]
 14669 | Lair:5   | 14669 ||| INVOKING Berserk.
 14767 | Lair:5   | 14767 ||| INVOKING Berserk.
 14817 | Lair:5   | 14817 ||| INVOKING Berserk.
 14859 | Lair:5   | 14859 ||| Stepping ~*~*~tactically~*~*~ (stealth).
 14912 | Lair:5   | 14912 ||| INVOKING Berserk.
 14978 | Lair:5   | 14978 ||| Stepping ~*~*~tactically~*~*~ (stealth).
 15033 | Lair:5   | 15033 ||| Stepping ~*~*~tactically~*~*~ (stealth).
 15050 | Lair:5   | 15050 ||| INVOKING Berserk.
 15055 | Lair:5   | Killed Sonja
 15194 | Lair:5   | 15194 ||| Stepping ~*~*~tactically~*~*~ (stealth).
 15202 | Lair:5   | 15202 ||| Stepping ~*~*~tactically~*~*~ (stealth).
 15238 | Lair:5   | 15238 ||| Stepping ~*~*~tactically~*~*~ (stealth).
 15331 | Lair:5   | 15331 ||| INVOKING Brothers in Arms.
 15332 | Lair:5   | 15332 ||| INVOKING Brothers in Arms.
 15333 | Lair:5   | 15333 ||| INVOKING Brothers in Arms.
 15334 | Lair:5   | 15334 ||| INVOKING Brothers in Arms.
 15335 | Lair:5   | 15335 ||| INVOKING Brothers in Arms.
 15336 | Lair:5   | 15336 ||| INVOKING Brothers in Arms.
 15337 | Lair:5   | 15337 ||| INVOKING Brothers in Arms.
 15338 | Lair:5   | 15338 ||| SWAPPING to +0 morningstar.
 15339 | Lair:5   | 15339 ||| INVOKING Berserk.
 15368 | Lair:5   | 15368 ||| SWAPPING to +0 broad axe.
 15476 | Lair:5   | 15476 ||| INVOKING Brothers in Arms.
 15477 | Lair:5   | 15477 ||| INVOKING Brothers in Arms.
 15478 | Lair:5   | 15478 ||| INVOKING Brothers in Arms.
 15479 | Lair:5   | 15479 ||| INVOKING Brothers in Arms.
 15480 | Lair:5   | 15480 ||| INVOKING Brothers in Arms.
 15481 | Lair:5   | 15481 ||| INVOKING Brothers in Arms.
 15482 | Lair:5   | 15482 ||| INVOKING Brothers in Arms.
 15483 | Lair:5   | 15483 ||| INVOKING Brothers in Arms.
 15484 | Lair:5   | 15484 ||| INVOKING Brothers in Arms.
 15485 | Lair:5   | 15485 ||| INVOKING Brothers in Arms.
 15486 | Lair:5   | 15486 ||| INVOKING Brothers in Arms.
 15487 | Lair:5   | 15487 ||| INVOKING Brothers in Arms.
 15488 | Lair:5   | 15488 ||| SWAPPING to +0 morningstar.
 15489 | Lair:5   | 15489 ||| INVOKING Berserk.
 15494 | Lair:5   | 15494 ||| SWAPPING to +0 broad axe.
 15638 | Lair:5   | Found a viscous altar of Jiyva.
 15638 | Lair:5   | Found a staircase to the Slime Pits.
 15719 | Lair:5   | 15719 ||| INVOKING Berserk.
 15731 | Lair:5   | 15731 ||| Stepping ~*~*~tactically~*~*~ (stealth).
 15741 | Lair:5   | 15741 ||| FLEEEEING.
 15743 | Lair:5   | 15743 ||| DRINKING 5 potions of curing.
 15743 | Lair:5   | 15743 ||| (to cure confusion)
 15783 | Lair:5   | 15783 ||| Stepping ~*~*~tactically~*~*~ (stealth).
 15785 | Lair:5   | 15785 ||| Stepping ~*~*~tactically~*~*~ (hiding).
 15808 | Lair:5   | 15808 ||| INVOKING Berserk.
 15821 | Lair:5   | 15821 ||| Stepping ~*~*~tactically~*~*~ (stealth).
 15964 | Lair:5   | 15964 ||| Stepping ~*~*~tactically~*~*~ (water).
 15978 | Lair:5   | 15978 ||| Stepping ~*~*~tactically~*~*~ (water).
 15979 | Lair:5   | 15979 ||| INVOKING Berserk.
 15984 | Lair:5   | Reached skill level 12 in Armour
 15984 | Lair:5   | Reached XP level 14. HP: 145/145 MP: 13/13
 16069 | Lair:5   | Identified the +1 chain mail "Ebiho" {Int+4}
 16260 | Lair:5   | 16260 ||| Stepping ~*~*~tactically~*~*~ (hiding).
 16271 | Lair:5   | 16271 ||| INVOKING Berserk.
 16542 | Lair:5   | 16542 ||| PLANNING D:1-11
 16542 | Lair:5   | 16542 ||| UPGRADING to scarf of resistance.
 16552 | Lair:5   | 16552 ||| DROPPING +1 chain mail "Ebiho" {Int+4}.
 16553 | Lair:5   | 16553 ||| READING scroll labelled GEH BUKAOX.
 16554 | Lair:5   | 16554 ||| READING scroll labelled KAQAIG IHUIPP.
 16555 | Lair:5   | 16555 ||| READING 5 scrolls of identify.
 16555 | Lair:5   | 16555 ||| IDENTIFYING bubbling golden potion
 16556 | Lair:5   | 16556 ||| DROPPING potion of attraction.
 16883 | D:10     | Reached skill level 15 in Fighting
 17079 | D:10     | Found a stormy altar of Qazlal.
 17080 | D:10     | Found an ancient bone altar of Kikubaaqudgha.
 17159 | D:10     | 17159 ||| Stepping ~*~*~tactically~*~*~ (hiding).
 17406 | D:10     | Found a glowing golden altar of the Shining One.
 17516 | D:10     | Found a staircase to the Orcish Mines.
 17735 | D:10     | 17735 ||| DROPPING ring of resist corrosion.
 17736 | D:10     | 17736 ||| UPGRADING to +6 ring of dexterity.
 17738 | D:10     | 17738 ||| READING 5 scrolls of identify.
 17738 | D:10     | 17738 ||| IDENTIFYING fizzy ruby potion
 17826 | D:11     | 17826 ||| Stepping ~*~*~tactically~*~*~ (stealth).
 17877 | D:11     | 17877 ||| Stepping ~*~*~tactically~*~*~ (stealth).
 17891 | D:11     | 17891 ||| Stepping ~*~*~tactically~*~*~ (hiding).
 17896 | D:11     | 17896 ||| Stepping ~*~*~tactically~*~*~ (hiding).
 18040 | D:11     | 18040 ||| Stepping ~*~*~tactically~*~*~ (hiding).
 18075 | D:11     | 18075 ||| FLEEEEING.
 18078 | D:11     | 18078 ||| FLEEEEING.
 18079 | D:11     | 18079 ||| FLEEEEING.
 18080 | D:11     | 18080 ||| FLEEEEING.
 18084 | D:11     | 18084 ||| FLEEEEING.
 18085 | D:11     | 18085 ||| FLEEEEING.
 18086 | D:11     | 18086 ||| FLEEEEING.
 18087 | D:11     | 18087 ||| FLEEEEING.
 18088 | D:11     | 18088 ||| FLEEEEING.
 18089 | D:11     | 18089 ||| FLEEEEING.
 18090 | D:11     | 18090 ||| FLEEEEING.
 18093 | D:11     | 18093 ||| FLEEEEING.
 18094 | D:11     | 18094 ||| FLEEEEING.
 18095 | D:11     | 18095 ||| FLEEEEING.
 18096 | D:11     | 18096 ||| FLEEEEING.
 18097 | D:11     | 18097 ||| FLEEEEING.
 18098 | D:11     | 18098 ||| FLEEEEING.
 18099 | D:11     | 18099 ||| FLEEEEING.
 18100 | D:11     | 18100 ||| FLEEEEING.
 18101 | D:11     | 18101 ||| FLEEEEING.
 18102 | D:11     | 18102 ||| FLEEEEING.
 18103 | D:11     | 18103 ||| FLEEEEING.
 18104 | D:11     | 18104 ||| FLEEEEING.
 18386 | D:11     | Found a transporter.
 18437 | D:11     | Found a transporter.
 18614 | D:10     | 18614 ||| PLANNING D
 18635 | D:12     | 18635 ||| STAIRDANCE
 18640 | D:12     | 18640 ||| STAIRDANCE
 18651 | D:12     | 18651 ||| Stepping ~*~*~tactically~*~*~ (stealth).
 18652 | D:12     | 18652 ||| Stepping ~*~*~tactically~*~*~ (stealth).
 18775 | D:12     | Reached skill level 6 in Dodging
 18830 | D:12     | Found Tigor's Changing Room.
 18846 | D:12     | Found a portal to a secret trove of treasure.
 18927 | D:12     | 18927 ||| Stepping ~*~*~tactically~*~*~ (stealth).
 18927 | D:12     | Found Ydeel's Self-Improvement Boutique.
 18984 | D:12     | 18984 ||| READING scroll of enchant weapon.
 18984 | D:12     | 18984 ||| ENCHANTING +0 broad axe.
 19264 | D:12     | 19264 ||| Stepping ~*~*~tactically~*~*~ (stealth).
 19265 | D:12     | 19265 ||| Stepping ~*~*~tactically~*~*~ (stealth).
 19359 | D:12     | 19359 ||| Stepping ~*~*~tactically~*~*~ (stealth).
 19512 | D:13     | 19512 ||| INVOKING Brothers in Arms.
 19513 | D:13     | 19513 ||| INVOKING Brothers in Arms.
 19514 | D:13     | 19514 ||| SWAPPING to +0 morningstar.
 19515 | D:13     | 19515 ||| INVOKING Berserk.
 19517 | D:13     | Reached skill level 3 in Throwing
 19529 | D:13     | 19529 ||| SWAPPING to +1 broad axe.
 19662 | D:13     | Found a gate to the Vaults.
 19663 | D:13     | 19663 ||| INVOKING Berserk.
 19819 | D:13     | 19819 ||| INVOKING Berserk.
 20072 | D:13     | 20072 ||| Stepping ~*~*~tactically~*~*~ (hiding).
 20074 | D:13     | 20074 ||| INVOKING Berserk.
 20081 | D:13     | Reached skill level 15 in Shields
 20251 | D:13     | 20251 ||| READING scroll of brand weapon.
 20251 | D:13     | 20251 ||| BRANDING +1 broad axe.
 20578 | D:14     | 20578 ||| INVOKING Berserk.
 20826 | D:14     | 20826 ||| Stepping ~*~*~tactically~*~*~ (hiding).
 20829 | D:14     | 20829 ||| INVOKING Brothers in Arms.
 20830 | D:14     | 20830 ||| INVOKING Brothers in Arms.
 20831 | D:14     | 20831 ||| INVOKING Brothers in Arms.
 20832 | D:14     | 20832 ||| INVOKING Brothers in Arms.
 20833 | D:14     | 20833 ||| INVOKING Brothers in Arms.
 20834 | D:14     | 20834 ||| INVOKING Brothers in Arms.
 20835 | D:14     | 20835 ||| INVOKING Brothers in Arms.
 20836 | D:14     | 20836 ||| INVOKING Brothers in Arms.
 20837 | D:14     | 20837 ||| INVOKING Brothers in Arms.
 20838 | D:14     | 20838 ||| INVOKING Brothers in Arms.
 20839 | D:14     | 20839 ||| SWAPPING to +0 morningstar.
 20840 | D:14     | 20840 ||| INVOKING Berserk.
 20865 | D:14     | 20865 ||| SWAPPING to +1 broad axe of chaos.
 21010 | D:14     | 21010 ||| INVOKING Berserk.
 21129 | D:14     | 21129 ||| Stepping ~*~*~tactically~*~*~ (hiding).
 21132 | D:14     | 21132 ||| Stepping ~*~*~tactically~*~*~ (hiding).
 21187 | D:14     | 21187 ||| Stepping ~*~*~tactically~*~*~ (hiding).
 21203 | D:14     | 21203 ||| Stepping ~*~*~tactically~*~*~ (stealth).
 21226 | D:14     | 21226 ||| INVOKING Trog's Hand.
 21234 | D:14     | 21234 ||| Stepping ~*~*~tactically~*~*~ (stealth).
 21284 | D:14     | Noticed Jorgrun
 21285 | D:14     | 21285 ||| Stepping ~*~*~tactically~*~*~ (hiding).
 21289 | D:14     | 21289 ||| INVOKING Berserk.
 21293 | D:14     | Killed Jorgrun
 21405 | D:14     | 21405 ||| INVOKING Brothers in Arms.
 21406 | D:14     | 21406 ||| INVOKING Brothers in Arms.
 21407 | D:14     | 21407 ||| SWAPPING to +0 morningstar.
 21408 | D:14     | 21408 ||| INVOKING Berserk.
 21416 | D:14     | 21416 ||| SWAPPING to +1 broad axe of chaos.
 21562 | D:14     | 21562 ||| INVOKING Trog's Hand.
 21567 | D:14     | Reached XP level 15. HP: 114/161 MP: 14/14
 21568 | D:14     | 21568 ||| INVOKING Berserk.
 21616 | D:14     | 21616 ||| SWAPPING to +0 morningstar.
 21619 | D:14     | 21619 ||| SWAPPING to +1 broad axe of chaos.
 21946 | D:14     | 21946 ||| Stepping ~*~*~tactically~*~*~ (stealth).
 22112 | D:14     | 22112 ||| Stepping ~*~*~tactically~*~*~ (stealth).
 22114 | D:14     | 22114 ||| Stepping ~*~*~tactically~*~*~ (hiding).
 22229 | D:14     | 22229 ||| DRINKING 2 murky coppery potions.
 22230 | D:14     | 22230 ||| READING 6 scrolls of identify.
 22230 | D:14     | 22230 ||| IDENTIFYING puce potion
 22231 | D:14     | 22231 ||| DROPPING potion of invisibility.
 22296 | D:15     | Entered Level 15 of the Dungeon
 22467 | D:15     | Found Veugguit's Book Boutique.
 22537 | D:15     | 22537 ||| Stepping ~*~*~tactically~*~*~ (stealth).
 22549 | D:15     | 22549 ||| INVOKING Berserk.
 22684 | D:15     | 22684 ||| INVOKING Berserk.
 22837 | D:15     | 22837 ||| Stepping ~*~*~tactically~*~*~ (hiding).
 22840 | D:15     | 22840 ||| INVOKING Trog's Hand.
 22958 | D:15     | 22958 ||| Stepping ~*~*~tactically~*~*~ (stealth).
 22974 | D:15     | 22974 ||| INVOKING Berserk.
 23089 | D:15     | Found a staircase to the Depths.
 23203 | D:15     | Found a glowing silver altar of Zin.
 23379 | D:15     | Found a hide-covered altar of Uskayaw.
 23437 | D:15     | 23437 ||| PLANNING ORC
 23437 | D:15     | 23437 ||| UPGRADING to ring of poison resistance.
 23600 | Orc:1    | Entered Level 1 of the Orcish Mines
 23602 | Orc:1    | 23602 ||| INVOKING Trog's Hand.
 23606 | Orc:1    | 23606 ||| INVOKING Berserk.
 23817 | Orc:2    | Entered Level 2 of the Orcish Mines
 23868 | Orc:2    | Found a transporter.
 23871 | Orc:2    | Noticed qw's ghost (journeyman DsCA)
 23876 | Orc:2    | Found a transporter.
 23884 | Orc:2    | Identified the ring "Watsank" {rF+ Dex+6 Stlth+}
 23884 | Orc:2    | Noticed an orc warlord
 23888 | Orc:2    | Found a bloodstained altar of Trog.
 23904 | Orc:2    | 23904 ||| Stepping ~*~*~tactically~*~*~ (stealth).
 23913 | Orc:2    | 23913 ||| Stepping ~*~*~tactically~*~*~ (stealth).
 23918 | Orc:2    | 23918 ||| INVOKING Berserk.
 24032 | Orc:2    | 24032 ||| Stepping ~*~*~tactically~*~*~ (stealth).
 24037 | Orc:2    | 24037 ||| Stepping ~*~*~tactically~*~*~ (stealth).
 24094 | Orc:2    | 24094 ||| INVOKING Trog's Hand.
 24097 | Orc:2    | 24097 ||| INVOKING Berserk.
 24121 | Orc:2    | Reached skill level 18 in Fighting
 24232 | Orc:2    | Found a staircase to the Elven Halls.
 24319 | Orc:2    | 24319 ||| Stepping ~*~*~tactically~*~*~ (hiding).
 24336 | Orc:2    | 24336 ||| DRINKING 9 potions of curing.
 24336 | Orc:2    | 24336 ||| (to cure confusion)
 24448 | Orc:2    | Reached ***** piety under Trog
 24473 | Orc:2    | Noticed Maurice
 24477 | Orc:2    | Killed Maurice
 24515 | Orc:2    | 24515 ||| Stepping ~*~*~tactically~*~*~ (hiding).
 24517 | Orc:2    | 24517 ||| Stepping ~*~*~tactically~*~*~ (hiding).
 24519 | Orc:2    | 24519 ||| INVOKING Trog's Hand.
 24521 | Orc:2    | 24521 ||| INVOKING Berserk.
 24526 | Orc:2    | Found Cifits's Armour Shoppe.
 24560 | Orc:2    | 24560 ||| INVOKING Brothers in Arms.
 24567 | Orc:2    | 24567 ||| INVOKING Brothers in Arms.
 24568 | Orc:2    | 24568 ||| INVOKING Brothers in Arms.
 24573 | Orc:2    | HP: 35/163 [orc knight/+0 war axe (15)]
 24574 | Orc:2    | 24574 ||| READING 6 scrolls of teleportation.
 24574 | Orc:2    | HP: 15/163 [orc knight/+0 war axe (19)]
 24575 | Orc:2    | 24575 ||| DRINKING potion of heal wounds.
 24576 | Orc:2    | Slain by an orc warrior

Levels and vault maps discovered:
D:1:      co_arrival_square_in_a_square_in_a_square, layout_rooms,
          shapermc_ecumenical_altar_hornbeckon, due_unseen_surprise
D:2:      layout_basic, basic_altar, uniq_terence
D:3:      layout_basic, lemuel_round_altar, serial_undead, serial_undead_e,
          serial_undead_f, serial_undead_c, serial_undead_f,
          minmay_tree_intersection, fountainhead
D:4:      layout_gridville, mainiacjoe_overflow_swirl, abandoned_shop
D:5:      layout_loops_ring, mainiacjoe_overflow_24_doors,
          minmay_temple_entry_butterflies, serial_shops, shop,
          ebering_ghost_rock_garden, uniq_eustachio
D:6:      layout_basic, minmay_starry_boxes
D:7:      layout_basic, uniq_maggie
D:8:      layout_gridville, serial_shops, shop_statue, minivault_14, uniq_erica
D:9:      layout_grid_maze, lair_entry_dummy, uniq_prince_ribbit1, uniq_grum
D:10:     layout_stronghold, nicolae_overflow_hidden_temple, orc_0_dummy
D:11:     gammafunk_cloud_chamber, layout_basic
D:12:     layout_basic, enter_trove_1, nicolae_transmutations_shop,
          nicolae_shop_self_help
D:13:     layout_roguey, david_vaults_2
D:14:     minmay_octagon_keep, layout_basic, serial_park_tiny_1, uniq_jorgrun
D:15:     gammafunk_enter_depths_forms, layout_basic, serial_shops,
          nicolae_shop_temple_entry_statues_fountains, nicolae_uskayaw_suspiria,
          zin_statuary
Lair:1:   layout_gridlike, ebering_ghost_reflecting_pool, beast_lair_carwin_4
Lair:2:   layout_cave_pods, minmay_swamp_entry_worms, spider_nest_entry_webs,
          grunt_megastairs_3
Lair:3:   layout_regular_city, serial_bayou_shore_b
Lair:4:   layout_gridlike, uniq_rupert, uniq_josephine
Lair:5:   hangedman_lair_tendril_chambers, layout_regular_city,
          guppyfry_lair_end_dragon, dpeg_slime_entry_enclosed, uniq_sonja
Orc:1:    layout_diamond_mine
Orc:2:    st_orc_elflike, layout_caves, gammafunk_ghost_wrathful_warriors,
          statue_in_the_mist_lemuel, uniq_maurice

Skill      XL: |  1  2  3  4  5  6  7  8  9 10 11 12 13 14 15 |
---------------+----------------------------------------------+-----
Axes           | 4 5 7 8 9 10 12 14 16 18 | 18.0
Armour         | 3 4 5 7 8 10 12 14 | 14.0
Fighting       | 4 6 7 8 10 12 14 17 18 | 18.0
Shields        | 5 7 8 10 11 13 14 15 16 | 16.1
Throwing       | 2 3 4 |  4.0
Dodging        | 3 4 7 8 |  8.0

Action                   |  1- 3 |  4- 6 |  7- 9 | 10-12 | 13-15 || total
-------------------------+-------+-------+-------+-------+-------++-------
Melee: Hand axe          |    61 |    68 |       |       |       ||   129
       Headbutt          |     9 |    19 |    17 |    64 |   196 ||   305
       War axe           |       |    60 |   139 |   307 |       ||   506
       Morningstar       |       |       |       |    12 |    49 ||    61
       Broad axe         |       |       |       |    53 |   853 ||   906
Throw: Boomerang         |       |     3 |    42 |    98 |    50 ||   193
Invok: Berserk           |     1 |     4 |     2 |    21 |    30 ||    58
       Brothers in Arms  |       |       |       |     2 |     8 ||    10
       Trog's Hand       |       |       |       |     1 |     7 ||     8
  Use: Scroll            |     3 |     5 |     6 |     8 |    11 ||    33
       Potion            |       |     2 |     1 |     4 |     4 ||    11
 Stab: Paralysed         |       |       |       |       |     3 ||     3
Armor: Animal skin       |     4 |       |       |       |       ||     4
       Storm dragon scal |    15 |    64 |    66 |    49 |       ||   194
       Chain mail        |       |       |       |   142 |   425 ||   567
Dodge: Dodged            |    26 |    38 |    37 |    73 |   210 ||   384
Block: Kite shield       |       |       |    56 |   248 |   688 ||   992
       Reflection        |       |       |       |     4 |    39 ||    43

Table legend:
 A = Non-vault XP
 B = Vault XP
 C = Vault XP percentage of total XP
 D = Non-vault monster count
 E = Vault monster count
 F = Vault count percentage of total count
                 A         B        C        D         E       F
            +---------+---------+-------+---------+---------+-------
      Total |   94527 |   46376 |  32.9 |     462 |     129 |  21.8
            +---------+---------+-------+---------+---------+-------
        D:1 |      34 |       0 |   0.0 |      19 |       0 |   0.0
        D:2 |      91 |      36 |  28.3 |      24 |       1 |   4.0
        D:3 |      35 |      39 |  52.7 |      20 |       2 |   9.1
        D:4 |     214 |       0 |   0.0 |      14 |       0 |   0.0
        D:5 |     247 |     202 |  45.0 |       5 |       1 |  16.7
        D:6 |     814 |      56 |   6.4 |      11 |       3 |  21.4
        D:7 |     779 |     356 |  31.4 |      22 |       1 |   4.3
        D:8 |    1933 |     839 |  30.3 |      18 |       1 |   5.3
        D:9 |    3537 |     714 |  16.8 |      24 |       4 |  14.3
       D:10 |    4561 |       0 |   0.0 |      24 |       0 |   0.0
       D:11 |    2831 |       0 |   0.0 |      24 |       0 |   0.0
       D:12 |    3021 |       0 |   0.0 |      16 |       0 |   0.0
       D:13 |    5458 |    1602 |  22.7 |      12 |       3 |  20.0
       D:14 |   16427 |   10208 |  38.3 |      34 |      15 |  30.6
       D:15 |    8148 |    5220 |  39.0 |      15 |       9 |  37.5
     Lair:1 |    2622 |     689 |  20.8 |       6 |       6 |  50.0
     Lair:2 |   10406 |     955 |   8.4 |      43 |       5 |  10.4
     Lair:3 |    2307 |       0 |   0.0 |      13 |       0 |   0.0
     Lair:4 |   10678 |    3388 |  24.1 |      34 |       5 |  12.8
     Lair:5 |   12991 |   14642 |  53.0 |      30 |      53 |  63.9
      Orc:1 |    1835 |       0 |   0.0 |      13 |       0 |   0.0
      Orc:2 |    5558 |    7430 |  57.2 |      41 |      20 |  32.8
            +---------+---------+-------+---------+---------+-------
